[Event "67th Mexican-ch Open 2022"]
[Site "Chihuahua"]
[Date "2022.04.15"]
[Round "4.5"]
[White "Hernandez Guerrero, Gilberto"]
[Black "Figueredo Losada, Leonel"]
[Result "1/2-1/2"]
[ECO "C63"]
[WhiteElo "2564"]
[BlackElo "2342"]
[Annotator "TA"]
[PlyCount "62"]
[EventDate "2022.04.12"]
[EventType "swiss"]
[EventCountry "MEX"]
[SourceTitle "playchess.com"]
[Source "ChessBase"]
[SourceQuality "1"]
[TimeControl "5400+30"]

1. e4 e5 2. Nf3 Nc6 3. Bb5 f5 4. d3 fxe4 5. dxe4 Nf6 6. O-O d6 7. Nc3 a6 {[%emt 0:02:07] C63: Ruy Lopez: Schliemann/Jaenisch Defence.} 8. Ba4 b5 9. Bb3 {[%emt 0:00:07] Black must now prevent Ng5.} Na5 {[%emt 0:00:03] White is slightly better.} 10. Bg5 {[%emt 0:03:45] [#]} c6 $146 ({Predecessor:} 10... Be7 11. Nd5 Nxb3 12. axb3 Bb7 13. Bxf6 Bxf6 14. c4 O-O 15. Qd3 c6 16. Ne3 Rf7 {1-0 (35) Narva,M (2252)-Garanin,A (1902) Viljandi 2015}) 11. Nh4 Nxb3 12. axb3 Be7 13. Qd3 O-O 14. Rad1 Bg4 15. f3 Be6 16. g3 (16. Ne2 $15) 16... Qe8 (16... Bh3 $17 17. Ng2 Qd7) 17. Ng2 Qh5 18. h4 b4 (18... h6 $17 19. g4 Qg6 20. Bxf6 Rxf6) 19. Na4 d5 (19... h6 $17 20. Bxf6 Rxf6) 20. exd5 $1 $15 cxd5 21. Qe3 Bd6 22. Nf4 {[%emt 0:02:05] Pair of Knights!} Qf7 23. Nxe6 Qxe6 24. Bxf6 Rxf6 25. Qd3 (25. Nb6 $2 Qh3 $1 26. Rd2 (26. Nxa8 {gets mated.} Qxg3+ 27. Kh1 Qxh4+ 28. Kg2 Rg6+) 26... Rg6 $1 $19 ) 25... e4 (25... d4 $5 26. Kg2 Rg6 $15) 26. fxe4 (26. Qxd5 $11 Qxd5 27. Rxd5) 26... Rg6 ({Black should try} 26... Rxf1+ $17 27. Rxf1 dxe4) 27. Qxd5 $11 {[%emt 0:18:51] The position is equal.} ({Not} 27. exd5 $2 Qh3 28. Rf3 Bxg3 29. Qxg6 hxg6 $19) 27... Rxg3+ 28. Kf2 Rf8+ 29. Ke2 Rg2+ 30. Ke3 Rg3+ (30... Re8 $5) 31. Ke2 {[%emt 0:00:30] The board is on fire.} Rg6 {Weighted Error Value: White=0.16 (very precise) /Black=0.18 (very precise)} (31... Rg2+ $11 32. Ke3 {[#]} Re8 $1) 1/2-1/2

[Event "67th Mexican-ch Open 2022"]
[Site "Chihuahua"]
[Date "2022.04.15"]
[Round "4.6"]
[White "Gonzalez Zamora, Juan Carlos"]
[Black "Diaz Rosas, Julio Cesar"]
[Result "1-0"]
[ECO "E60"]
[WhiteElo "2544"]
[BlackElo "2393"]
[Annotator "TA"]
[PlyCount "95"]
[EventDate "2022.04.12"]
[EventType "swiss"]
[EventCountry "MEX"]
[SourceTitle "playchess.com"]
[Source "ChessBase"]
[SourceQuality "1"]
[TimeControl "5400+30"]

1. Nf3 Nf6 2. c4 g6 3. b4 Bg7 4. Bb2 O-O 5. e3 d6 6. Be2 e5 7. d4 exd4 8. Nxd4 {[%emt 0:00:00] E60: King's Indian: Unusual lines and Fianchetto Variation without Nc3.} c5 9. Nb5 Nc6 10. a3 {[%emt 0:00:00] [#] The position is equal.} Ne4 $146 (10... cxb4 $11 11. axb4 d5) ({Predecessor:} 10... cxb4 11. Qxd6 a6 12. Qxd8 Rxd8 13. Nd4 Ne4 14. f3 Nxd4 15. exd4 Nc5 16. axb4 Nb3 {0-1 (25) Sitnic,A (2225)-Burovic,R (2302) Sarajevo 2017}) 11. Bxg7 $14 Kxg7 12. Nd2 (12. O-O $16) 12... Nxf2 $11 13. Kxf2 a6 14. Nf3 axb5 15. cxb5 Ne7 16. bxc5 dxc5 17. Qc1 b6 18. Rd1 Qc7 $1 19. Qc3+ (19. a4 $11) 19... Kg8 (19... f6 $15) 20. Qe5 $36 {[%emt 0:00:00][%mdl 2048] White has some pressure.} Qb7 (20... Ra7 $14) 21. Nd2 $16 {[%emt 0:00:00] Hoping for Bf3. &Bianco is much more active.} f6 22. Qd6 {[%emt 0:00:00] aiming for Bf3.} Nf5 {[%emt 0:04:25] [#]} 23. Qf4 (23. Qc6 $1 $16 ) 23... Qe7 $14 24. a4 Be6 $1 25. Nc4 Rae8 $2 ({Black should play} 25... Bxc4 $14 26. Bxc4+ Kh8) 26. Nd6 $2 (26. Nxb6 $18 {Black must now prevent a5.} g5 27. Qe4) 26... g5 $1 $11 {[%emt 0:01:37] [#]} 27. Nxf5 $1 Bxf5 28. Qg3 Bg6 29. h4 h6 (29... Kh8 $11 {keeps the balance.}) 30. Rd6 $16 {[%emt 0:00:00] Black is now going downhill.} f5 $2 31. Rxg6+ $18 {[%emt 0:00:00] White is clearly winning.} Kh7 32. Rc6 {[%emt 0:00:00] Strongly threatening Rc7.} f4 33. Bd3+ Kg7 34. Rg6+ Kf7 35. Qf3 {[%emt 0:03:01] White wants to mate with Qd5+.} Qxe3+ 36. Qxe3 Rxe3 37. Rd6 {[%emt 0:00:48] Inhibits Rd8.} Ke7 38. Rd5 c4 39. Be2 Rc8 40. Bg4 Rc7 (40... Rd8 $142) 41. hxg5 c3 42. gxh6 {[%emt 0:00:41] Intending h7 and mate.} Kf6 43. Rc1 Re4 44. Bf3 Rxa4 45. Rd6+ Kg5 46. Rc6 Ra2+ 47. Kg1 Re7 48. R6xc3 {[%emt 0:00:16] Weighted Error Value: White=0.26 (precise) /Black=0.31} 1-0

[Event "67th Mexican-ch Open 2022"]
[Site "Chihuahua"]
[Date "2022.04.15"]
[Round "4.7"]
[White "Perez Gormaz, Matias"]
[Black "Diaz Villagran, Robert"]
[Result "1/2-1/2"]
[ECO "D00"]
[WhiteElo "2404"]
[BlackElo "2318"]
[Annotator "TA"]
[PlyCount "91"]
[EventDate "2022.04.12"]
[EventType "swiss"]
[EventCountry "MEX"]
[SourceTitle "playchess.com"]
[Source "ChessBase"]
[SourceQuality "1"]
[TimeControl "5400+30"]

1. d4 Nf6 2. Nf3 g6 3. Nc3 d5 4. Bf4 Bg7 5. Nb5 Na6 6. e3 {[%emt 0:00:16] D00: 1 d4 d5: Unusual lines.} c6 7. Nc3 Nc7 8. h3 O-O 9. Bd3 Nce8 10. O-O Nd6 11. Be5 {[%emt 0:00:59] [#]} Nfe4 $146 ({Predecessor:} 11... Bf5 12. Bxf5 Nxf5 13. Qe2 Nd6 14. Nd2 b5 15. Rfe1 Re8 16. a3 a5 17. a4 b4 {½-½ (51) Desnica,V (2303)-Dekic,J (2262) Backa Palanka 2021}) 12. Bxg7 (12. Bxe4 $5 Nxe4 13. Nxe4 Bxe5 14. Nxe5 dxe4 15. Nc4 $11) 12... Nxc3 13. Qe1 Kxg7 14. Qxc3 Bf5 15. Rfe1 a5 16. a4 Kg8 17. Nd2 Qd7 18. e4 dxe4 19. Nxe4 Bxe4 20. Bxe4 e6 21. Rad1 Rfd8 22. Bd3 Ne8 23. Bc4 Qd6 24. Qf3 Nc7 25. c3 Rab8 26. Re5 Nd5 27. Rde1 Kg7 28. h4 h5 29. R1e4 {[%emt 0:08:42] &Bianco is more active.} (29. Bxd5 $16 exd5 30. Re7) 29... Rd7 (29... Rf8 $11) 30. Re1 (30. g4 $1 $14 Re7 31. Bxd5 (31. gxh5 f6 $11) 31... cxd5 32. Rf4 hxg4 33. Rxg4) 30... Rh8 31. Qg3 Qe7 32. Bd3 Rh6 33. Bb1 Qf6 34. R1e4 (34. f4 $5) 34... b6 35. Qd3 (35. c4 {is interesting.} Nc7 36. Rf4 Qe7 37. b3) 35... Qd8 36. Qc4 Rd6 37. g3 Qd7 38. Re1 Rh8 39. Qa6 Rb8 40. Qe2 Rd8 (40... Nf6 $15) 41. Qf3 (41. Be4 $11) 41... Nf6 42. Rg5 ({Better is} 42. Bc2 $15) 42... Nh7 (42... c5 $1 $19 43. dxc5 bxc5) 43. Rge5 $15 Nf6 (43... c5 $15 44. dxc5 bxc5) 44. Rg5 $1 $19 Nh7 ({Black should try} 44... c5 $1 $19 45. dxc5 bxc5) 45. Rge5 $15 Nf6 (45... c5 $15 46. dxc5 bxc5) 46. Rg5 $1 {[%emt 0:00:04] Weighted Error Value: White=0.17 (very precise) /Black=0.20 (precise)} 1/2-1/2

[Event "67th Mexican-ch Open 2022"]
[Site "Chihuahua"]
[Date "2022.04.15"]
[Round "4.8"]
[White "Galaviz Medina, Sion Radamantys"]
[Black "Montes Orozco, Miguel Angel"]
[Result "1-0"]
[ECO "D18"]
[WhiteElo "2374"]
[BlackElo "1914"]
[Annotator "TA"]
[PlyCount "63"]
[EventDate "2022.04.12"]
[EventType "swiss"]
[EventCountry "MEX"]
[SourceTitle "playchess.com"]
[Source "ChessBase"]
[SourceQuality "1"]
[TimeControl "5400+30"]

1. d4 d5 2. c4 c6 3. Nc3 Nf6 4. Nf3 dxc4 5. a4 Bf5 6. e3 e6 7. Bxc4 Bb4 8. O-O O-O 9. h3 h6 10. Qe2 {[%emt 0:24:07] D18: Slav Defence: 5 a4 Bf5 6 e3.} Bh7 11. Bd2 Nbd7 12. Rfd1 {[%emt 0:02:13] The position is equal.} Qe7 13. a5 {[%emt 0:08:44] [#]} b5 $146 ({Predecessor:} 13... a6 14. Na4 Bd6 15. Nc3 e5 16. dxe5 Nxe5 17. Be1 Rad8 18. Rd4 c5 19. Rdd1 Nxc4 20. Qxc4 {½-½ (61) Opryshko,S (2208)-Timerkhanov,A (2363) Tallinn 2019}) 14. Bd3 Bxd3 15. Qxd3 a6 16. e4 Rfd8 17. Qe2 (17. e5 $14 Nd5 18. Rdc1) 17... e5 $11 18. d5 Nc5 19. dxc6 Nb3 20. Rab1 Rac8 ({Black should try} 20... Nxd2 $15 21. Rxd2 Rxd2 22. Nxd2 Qe6) 21. Be3 {[%emt 0:01:01] Hoping for Rxd8+.} Rxd1+ (21... Rxc6 $11 {should be considered.} 22. Rxd8+ Qxd8) 22. Qxd1 $14 Bxc3 (22... Nxa5 $14 23. Nd5 Nxd5 24. exd5 Nc4) 23. Qxb3 $16 ({Weaker is} 23. bxc3 Nxa5 24. Ra1 Nxc6 $15) 23... Bb4 24. Rc1 Nxe4 {[%emt 0:00:00] [#]} 25. Nxe5 $1 Bxa5 (25... Bd6 26. Nd7) 26. Nd7 (26. Qa2 $1 $16 {Nxf7 is the strong threat.} Bc7 27. Qxa6 $1) 26... Bd2 $2 (26... Bc7 $14) 27. Bxd2 Nxd2 {[%emt 0:00:00] [#]} 28. Qd5 Nc4 29. b3 {[%emt 0:00:04] &Bianco is more active.} Ne3 (29... Nd6 $16 {was worth a try.} 30. Qc5 Qg5 31. Qxg5 hxg5) 30. Qd2 ({Not} 30. Qf3 Qxd7 31. fxe3 (31. cxd7 $2 {loses.} Rxc1+ 32. Kh2 Nf1+ 33. Kh1 Nd2+ 34. Kh2 Nxf3+ $19) 31... Qd6 $11) 30... Nf5 {[%emt 0:00:00] [#]} 31. Nb6 $1 Rd8 {[%emt 0:00:00] [#]} (31... Re8 32. c7 Nd6) 32. Qxd8+ $3 {[%emt 0:00:10][%mdl 512] Weighted Error Value: White=0.15 (very precise) /Black=0.61} 1-0

[Event "67th Mexican-ch Open 2022"]
[Site "Chihuahua"]
[Date "2022.04.15"]
[Round "4.9"]
[White "Blanco Fernandez, Alvaro"]
[Black "Obregon Rivero, Juan Carlos"]
[Result "0-1"]
[ECO "B38"]
[WhiteElo "2216"]
[BlackElo "2536"]
[Annotator "TA"]
[PlyCount "102"]
[EventDate "2022.04.12"]
[EventType "swiss"]
[EventCountry "MEX"]
[SourceTitle "playchess.com"]
[Source "ChessBase"]
[SourceQuality "1"]
[TimeControl "5400+30"]

1. d4 Nf6 2. c4 g6 3. Nc3 Bg7 4. e4 d6 5. Be2 O-O 6. Nf3 c5 7. O-O cxd4 8. Nxd4 Nc6 9. Be3 Bd7 10. f3 Nxd4 11. Bxd4 a5 12. Qd2 Bc6 13. Rfd1 Nd7 14. Be3 {[%emt 0:00:00] 14.Bf2 deserves study.} a4 {[%emt 0:00:46] B38: Sicilian: Maroczy Bind with 5...Bg7 and 7...0-0.} 15. Rab1 Nc5 16. b4 axb3 $1 {[%emt 0:01:45] The position is equal.} 17. axb3 {[%emt 0:00:00][%cal Ba2b3,Bb3b4][%mdl 32] [#]} Re8 $146 (17... Qa5 $5 18. Nd5 Bxd5 $11) ({Predecessor:} 17... Qc7 18. b4 Ra3 19. bxc5 Bxc3 20. Qc1 Rfa8 21. cxd6 exd6 22. Rd3 Qa5 23. Rxd6 Qh5 {0-1 (61) Sen,S (2073)-Dargan,P (2207) Hinckley Island 2008}) 18. Bf1 Qa5 19. b4 Qa3 20. Nd5 (20. Ne2 $5 Ne6 21. Nd4 $14) 20... Bxd5 21. bxc5 Bc6 22. cxd6 exd6 23. Bd4 Bxd4+ 24. Qxd4 Qc5 25. Kh1 Re6 26. Ra1 Rxa1 27. Qxa1 g5 28. Qa8+ Re8 29. Qa1 g4 30. Qd4 gxf3 31. gxf3 Qh5 32. Be2 Re6 33. Rg1+ Kf8 $1 34. Qg7+ Ke7 {[%emt 0:06:29][%cal Oe6e4] Strongly threatening ...Rxe4!} 35. Qg5+ Qxg5 36. Rxg5 $11 {[%emt 0:00:00][%mdl 4096] Endgame KRB-KRB} h6 37. Rh5 Rg6 38. c5 dxc5 39. Rxc5 Rg5 40. Rxg5 {[%emt 0:00:00][%mdl 8192] This costs White the game.} (40. Rc3 $15) 40... hxg5 $15 {[%emt 0:00:17] KB-KB} 41. Kg2 Kf6 42. Bc4 b5 43. Bb3 {[%emt 0:00:00] [#]} Bd7 $1 44. Kf2 (44. f4 $142 gxf4 45. Kf3) 44... Be6 $19 45. Bc2 (45. Bd1 $142 b4 46. Be2) 45... Ke5 {[%emt 0:01:47] ...b4 is the strong threat.} 46. Ke3 Bc4 {[%emt 0:00:24] Threatens to win with ...b4.} 47. f4+ gxf4+ {[%emt 0:00:04] Black mates.} 48. Kf3 f6 49. h4 {[%emt 0:00:00] [#]} Bf7 $1 50. Kg4 b4 51. h5 b3 {[%emt 0:00:27] Weighted Error Value: White=0.75/Black=0.07 (flawless)} 0-1

[Event "67th Mexican-ch Open 2022"]
[Site "Chihuahua"]
[Date "2022.04.15"]
[Round "4.10"]
[White "Jorajuria Mendoza, Algol"]
[Black "Quesada Perez, Luis Ernesto"]
[Result "0-1"]
[ECO "C67"]
[WhiteElo "2006"]
[BlackElo "2517"]
[Annotator "TA"]
[PlyCount "86"]
[EventDate "2022.04.12"]
[EventType "swiss"]
[EventCountry "MEX"]
[SourceTitle "playchess.com"]
[Source "ChessBase"]
[SourceQuality "1"]
[TimeControl "5400+30"]

1. e4 e5 2. Nf3 Nc6 3. Bb5 Nf6 4. O-O Nxe4 5. d4 Nd6 6. Bxc6 dxc6 7. dxe5 Nf5 8. Qxd8+ Kxd8 9. h3 Be7 {[%emt 0:03:14] 9...Bd7 is the modern continuation. C67: Ruy Lopez: Berlin Defence: 4 0-0 Nxe4.} 10. Nc3 Nh4 {[%emt 0:09:32] Hoping for ...Nxf3+.} 11. Nxh4 Bxh4 {[%emt 0:00:01] [#] The position is equal.} 12. g3 $146 ({Predecessor:} 12. Be3 Ke8 13. Rad1 h5 14. Ne4 Be7 15. Rfe1 Bf5 16. Bf4 Rd8 17. Nd6+ cxd6 18. exd6 {½-½ (31) Grischuk,A (2773)-Navara,D (2699) Terme Catez 2021}) 12... Be7 13. g4 h5 14. f3 Be6 15. Be3 b6 16. Ne2 Kc8 17. Nf4 Bg5 18. Kg2 Bxf4 19. Bxf4 a5 20. a4 c5 21. Bg5 Kb7 22. Kg3 Rh7 23. f4 (23. Rad1 $11) 23... hxg4 $17 24. f5 Bd7 ({But not} 24... Rxh3+ 25. Kxg4 Rh2 26. fxe6 fxe6 27. Kg3 Rxc2 28. Rf2 Rxf2 29. Kxf2 $14) 25. h4 Re8 26. Kf4 f6 27. exf6 gxf6 28. Bxf6 Rf8 29. Bc3 (29. Bg5 $1 $15) 29... Rxf5+ $19 30. Kg3 {[%emt 0:00:05] [#]} Rxf1 ({Better is} 30... Rhf7 $1 $19 31. Kg2 (31. Rxf5 $2 Rxf5 32. Kg2 Rf3 $19) 31... Rf3 32. Rxf3 Rxf3) 31. Rxf1 $17 Bxa4 32. Kxg4 (32. Rc1 $142) 32... Bxc2 $19 {[%emt 0:00:08][%mdl 4096] Endgame KRB-KRB} 33. Kg5 Ka6 34. h5 Kb5 35. h6 Rd7 36. Rf4 c4 37. Rh4 (37. Kf6 $17 {is a better defense.}) 37... Rf7 38. Rd4 Bb1 39. Rd8 Ka4 ({Black should play} 39... Bh7 40. Re8 Ka4) 40. Rg8 $2 {[%emt 0:00:19] This move loses the game for White.} (40. Rd1 $17 Bd3 41. Re1) 40... Kb3 41. Rg6 $2 (41. Kh4) 41... Rf5+ {[%emt 0:00:00] Black is clearly winning.} 42. Kg4 {[%emt 0:00:05] [#]} Rf4+ $3 43. Kg5 {[%emt 0:00:06] [#]} Rg4+ $3 {[%emt 0:00:00][%mdl 512] Weighted Error Value: White=0.43/Black=0.10 (very precise)} 0-1

[Event "67th Mexican-ch Open 2022"]
[Site "Chihuahua"]
[Date "2022.04.15"]
[Round "4.11"]
[White "Torres Rosas, Luis Carlos"]
[Black "Hernandez Jimenez, Alexander Andres"]
[Result "1-0"]
[ECO "D15"]
[WhiteElo "2356"]
[BlackElo "2167"]
[Annotator "TA"]
[PlyCount "57"]
[EventDate "2022.04.12"]
[EventType "swiss"]
[EventCountry "MEX"]
[SourceTitle "playchess.com"]
[Source "ChessBase"]
[SourceQuality "1"]
[TimeControl "5400+30"]

1. d4 Nf6 2. c4 c6 3. Nc3 d5 4. Nf3 Bg4 5. Ne5 Bh5 ({Black should try} 5... Be6 $14) 6. f3 {[%emt 0:08:01] aiming for g4. &Bianco is more active. D15: Slav Defence: 4 Nc3 a6 and gambit lines after 4 Nc3 dxc4.} e6 7. g4 Bg6 {[%emt 0:01:06] [#]} 8. h4 $1 {[%emt 0:00:15] Black must now prevent h5. White is clearly better.} h5 (8... h6 $16) 9. g5 Ng8 10. Nxg6 fxg6 {[%emt 0:00:09] [#]} 11. Qc2 $146 ({Predecessor:} 11. Bh3 Qd6 12. c5 Qg3+ 13. Kf1 Kd7 14. Qb3 Qc7 15. e4 Ne7 16. exd5 cxd5 17. Nxd5 {1-0 (28) Kuljasevic,D (2413)-Bilus Gagic,A (2077) Bizovac 2004}) 11... Kf7 12. Be3 Bd6 13. Bf2 Ne7 14. Bh3 b5 15. c5 Bc7 16. e4 b4 17. Ne2 Re8 18. Qd2 Nd7 19. O-O ({Don't go for} 19. Qxb4 $2 Ba5 20. Qc3 Bxc3+ $19) 19... Qb8 20. Be3 Nf8 21. Bf4 a5 22. Bxc7 Qxc7 23. Qf4+ Qxf4 24. Nxf4 Nc8 25. a4 Re7 (25... b3 $16 26. Nd3 Ne7 27. Ne5+ Kg8) 26. Rae1 $18 Na7 27. Nd3 {[%emt 0:01:50] White has a decisive advantage.} Nd7 28. Re2 Rae8 29. Rfe1 {[%emt 0:00:08] Weighted Error Value: White=0.11 (very precise) /Black=0.20 (precise)} 1-0

[Event "67th Mexican-ch Open 2022"]
[Site "Chihuahua"]
[Date "2022.04.15"]
[Round "4.12"]
[White "Garcia Guerrero, Isaac Antonio"]
[Black "Rosales Campos, Paul"]
[Result "1/2-1/2"]
[ECO "A14"]
[WhiteElo "2338"]
[BlackElo "2039"]
[Annotator "TA"]
[PlyCount "71"]
[EventDate "2022.04.12"]
[EventType "swiss"]
[EventCountry "MEX"]
[SourceTitle "playchess.com"]
[Source "ChessBase"]
[SourceQuality "1"]
[TimeControl "5400+30"]

1. Nf3 Nf6 2. c4 e6 3. g3 d5 4. b3 Be7 5. Bg2 O-O 6. O-O Nbd7 7. Bb2 b6 8. e3 Bb7 9. Nc3 {[%emt 0:00:52] 9.Nc3 scores better than 9.Qe2.} a6 {[%emt 0:07:44] A14: English Opening: 1...e6 with b3 by White.} 10. Qe2 Re8 11. Rac1 Ne4 {[%emt 0:09:59] The position is equal.} 12. Rfd1 {[%emt 0:08:17] [#]} Bf6 $146 ({Predecessor:} 12... Nxc3 13. dxc3 Qc8 14. cxd5 Bxd5 15. c4 Bc6 16. Qc2 Nf6 17. c5 Be4 18. Qc4 b5 {1-0 (41) Miroshnichenko,E (2651)-Kulaots,K (2607) Konya 2011}) 13. d4 {[%emt 0:02:43] Strongly threatening Nxe4.} Nxc3 14. Bxc3 Qe7 15. Ne1 Rab8 16. Bb2 c6 17. Nd3 g6 18. h4 a5 19. h5 Bg7 20. Rc2 Qg5 21. hxg6 hxg6 22. e4 dxe4 23. Bxe4 e5 24. dxe5 Nxe5 25. Nxe5 Bxe5 26. Bc1 Qe7 27. Bg2 c5 28. Bb2 Bxg2 29. Kxg2 Qf6 {[%emt 0:00:19] [#] aiming for ...Bxb2.} 30. Bxe5 Rxe5 31. Qg4 Rbe8 32. Qf3 Rb8 $2 {[%mdl 8192] [#]} 33. Qe3 $4 Rf5 $2 (33... Rxe3 $19 34. fxe3 Qf5) 34. Qe4 {[%emt 0:00:30] Prevents Qf3+.} Re5 35. Qf4 Rf5 36. Qe4 $2 {[%emt 0:01:00] Weighted Error Value: White=0.33/Black=0.61} (36. Qxb8+ $18 Kh7 37. Rh1+ Rh5 38. Rxh5+ gxh5 39. Qe8) 1/2-1/2

[Event "67th Mexican-ch Open 2022"]
[Site "Chihuahua"]
[Date "2022.04.15"]
[Round "4.13"]
[White "Benitez Lozano, Javier"]
[Black "Rascon Vega, Alfonso"]
[Result "1/2-1/2"]
[ECO "E97"]
[WhiteElo "2309"]
[BlackElo "2107"]
[Annotator "TA"]
[PlyCount "62"]
[EventDate "2022.04.12"]
[EventType "swiss"]
[EventCountry "MEX"]
[SourceTitle "playchess.com"]
[Source "ChessBase"]
[SourceQuality "1"]
[TimeControl "5400+30"]

1. d4 Nf6 2. c4 g6 3. Nc3 Bg7 4. e4 d6 5. Nf3 O-O 6. Be2 e5 7. O-O Nc6 8. d5 Ne7 9. Bg5 h6 10. Bxf6 Bxf6 11. b4 Bg7 12. c5 f5 13. Nd2 h5 {[%emt 0:07:34] [#] E97: King's Indian: Classical Main Line (6...e5 7 0-0 Nc6): 8 Be3 and 8 d5 Ne7, not 9 Ne1.} 14. Nc4 $146 ({Predecessor:} 14. Rc1 Bh6 15. Rc2 a6 16. a4 fxe4 17. Ndxe4 Nf5 18. Ra2 Nd4 19. Bd3 {½-½ (19) Orso,M (2302)-Mihalincic,T (2239) Hungary 2019}) 14... fxe4 15. cxd6 cxd6 {[%emt 0:00:58] White has an edge.} 16. Nxe4 Nf5 17. a4 Qe7 18. Qd3 Bh6 (18... Rd8 $11) 19. b5 (19. Nexd6 $1 $16 {[%cal Of1e1] aiming for Rfe1!} Bg7 20. Nxf5 Bxf5 21. d6 $1 ) 19... Kg7 (19... Rd8 $1 $11 {keeps the balance.}) 20. Rfe1 {[%emt 0:07:02] &Bianco is more active.} Bf4 21. Bd1 Bd7 22. Qa3 Rf6 23. Nxf6 $18 Qxf6 24. Bc2 {[%emt 0:01:17] Hoping for Bxf5.} Rd8 25. Bxf5 Bxf5 26. Ne3 Be4 27. f3 Rf8 28. Qb4 (28. fxe4 Bxh2+ 29. Kh1 (29. Kxh2 Qh4+ 30. Kg1 Qf2+ 31. Kh2 Qh4+ 32. Kg1 Qf2+ 33. Kh2 Qh4+ $11) 29... Qh4 30. Nf5+ gxf5 $16) (28. a5 $18) 28... Qh4 $2 {[%emt 0:01:03] [#]} (28... Bd3 $16 {keeps fighting.} 29. Qc3 Qh4 30. Qxd3 Bxh2+ 31. Kf1 e4) 29. Nf1 $2 ({Not} 29. Qxe4 $2 Bxh2+ 30. Kh1 Rf4 $19) (29. g3 $1 $18 Bxg3 30. hxg3 Qxg3+ 31. Ng2 Bxf3 32. Ra2) 29... Bxf3 $1 $11 30. Qb3 {[%emt 0:00:35] [#] Prevents Be3+.} Bg4 {[%emt 0:02:35] This bishop pair is nice.} ({Don't take} 30... Bxg2 31. Kxg2 Bxh2 32. Ng3 $16) ({Black should try} 30... Bxh2+ $1 31. Nxh2 Bxg2) 31. g3 Qh3 {[%emt 0:34:07] Weighted Error Value: White=0.34/Black=0.45} 1/2-1/2

[Event "67th Mexican-ch Open 2022"]
[Site "Chihuahua"]
[Date "2022.04.15"]
[Round "4.14"]
[White "Guerrero Cataldo, Juan Andres"]
[Black "Tapie Amione, Pablo Adib"]
[Result "1/2-1/2"]
[ECO "D02"]
[WhiteElo "1976"]
[BlackElo "2241"]
[Annotator "TA"]
[PlyCount "43"]
[EventDate "2022.04.12"]
[EventType "swiss"]
[EventCountry "MEX"]
[SourceTitle "playchess.com"]
[Source "ChessBase"]
[SourceQuality "1"]
[TimeControl "5400+30"]

1. d4 Nf6 2. Nf3 d5 3. g3 c5 4. Bg2 cxd4 5. O-O h6 6. b3 {[%emt 0:00:30] D02: 1 d4 d5 2 Nf3 sidelines, including 2...Nf6 3 g3 and 2...Nf6 3 Bf4.} Nc6 7. Nxd4 e5 8. Nxc6 {[%emt 0:00:01] White has an edge.} bxc6 9. c4 {[%emt 0:00:01] [#]} Rb8 $146 ({Predecessor:} 9... Be7 10. Bb2 e4 11. Nc3 O-O 12. cxd5 cxd5 13. Qd4 Be6 14. Rac1 Qd7 15. Na4 Rfc8 {½-½ (71) Banusz,T (2641)-Dubov,D (2714) Chess.com INT 2021}) 10. cxd5 cxd5 11. Bb2 e4 {[%emt 0:02:15] [#]} 12. Nc3 (12. Bd4 $1 $16) 12... Be7 13. Qd4 a5 14. Rfd1 Be6 15. Na4 O-O 16. Rac1 Qe8 (16... Re8 $14 {might be stronger.}) 17. Nc5 $16 Bc8 18. Qe5 Rb5 19. Rxd5 {[%emt 0:27:01] aiming for Rcd1.} Bb7 (19... a4 $142) 20. Rdd1 {[%emt 0:00:30] 0x0.002ceff46a05dp-1022s more active pieces.} Bxc5 21. Rxc5 Bc8 $2 {[%emt 0:01:00] [#]} (21... Qxe5 22. Rxe5 Rxe5 23. Bxe5 Rc8) 22. Qd4 $2 {[%emt 0:00:00][%mdl 32768] Weighted Error Value: White=0.09 (flawless) /Black=0.23 (precise) . An unexpected result.} (22. Rxb5 Ba6 23. Rxa5 Bxe2 24. Re1) 1/2-1/2

[Event "67th Mexican-ch Open 2022"]
[Site "Chihuahua"]
[Date "2022.04.15"]
[Round "4.15"]
[White "Hernandez Guerrero, Eduardo"]
[Black "Davalos Prieto, Abel Justo"]
[Result "1-0"]
[ECO "B67"]
[WhiteElo "2232"]
[BlackElo "2103"]
[Annotator "TA"]
[PlyCount "37"]
[EventDate "2022.04.12"]
[EventType "swiss"]
[EventCountry "MEX"]
[SourceTitle "playchess.com"]
[Source "ChessBase"]
[SourceQuality "1"]
[TimeControl "5400+30"]

1. e4 c5 2. Nf3 Nc6 3. Nc3 Nf6 4. d4 cxd4 5. Nxd4 d6 6. Bg5 e6 7. Qd2 a6 8. O-O-O Bd7 {[%emt 0:00:18] The main line 8...Bd7 scores better than 8...h6.} 9. Nb3 b5 {[%emt 0:05:45] B67: Sicilian: Richter-Rauzer: 7...a6 8 0-0-0 Bd7, lines without 9 f4 Be7.} 10. a3 Be7 11. f4 Qb6 (11... Rb8 $11 {keeps the balance.}) 12. e5 $1 $16 Ng4 13. Bxe7 ({Resist} 13. exd6 Bxg5 14. fxg5 Nf2 $16) 13... Nxe7 14. Qxd6 {[%emt 0:09:10] [#]} ({White should try} 14. exd6 Nf5 15. Bd3) 14... Qxd6 $146 (14... Bc6 $16) ({Predecessor:} 14... Qe3+ 15. Qd2 Ng6 16. h3 Qxd2+ 17. Rxd2 Ne3 18. g3 Bc6 19. Rg1 h5 20. h4 Ne7 {1-0 (51) Bakalarz,L (2004)-Fiedorek,M (1862) Krakow 2016}) 15. Rxd6 $18 {[%emt 0:00:15][%cal Bd1d6,Bd6d2,Bd2g2][%mdl 32] White is clearly better.} Nf5 16. Rd2 Bc6 17. Bd3 {[%emt 0:00:58] Threatens to win with Na5.} Nge3 18. Na5 Bxg2 {[%emt 0:01:50] [#]} 19. Rxg2 $1 {[%emt 0:00:12][%mdl 512] Weighted Error Value: White=0.12 (very precise) /Black=0.42} 1-0